 Dungeon Crawl Stone Soup version 0.19-a0-1920-g83281cb (webtiles) character file.

233 Goblin1989 the Cutter (level 5, -1/38 HPs)
             Began as a Demonspawn Assassin on Oct 23, 2016.
             Slain by an orc wizard
             ... wielding a +0 dagger
              (2 damage)
             ... on level 4 of the Dungeon.
             The game lasted 00:08:22 (4170 turns).

Goblin1989 the Cutter (Demonspawn Assassin)         Turns: 4170, Time: 00:08:23

Health: -1/38      AC:  3    Str: 11    XL:     5   Next: 74%
Magic:  5/5        EV: 11    Int: 14    God:
Gold:   90         SH:  0    Dex: 14    Spells: 0 memorised, 4 levels left

rFire  . . .     SeeInvis .     a - +2 dagger
rCold  . . .     Gourm    .     c - +0 robe
rNeg   . . .     Faith    .     (no shield)
rPois  .         Spirit   .     (no helmet)
rElec  .         Reflect  .     d - +0 cloak
rCorr  .         Harm     .     (no gloves)
MR     .....                    (no boots)
Stlth  +.........               (no amulet)
                                (no ring)
                                (no ring)

@: confused
A: talons 1, sturdy frame 2
a: no special abilities


You were on level 4 of the Dungeon.
You were hungry.

You visited 1 branch of the dungeon, and saw 4 of its levels.

You collected 90 gold pieces.

Inventory:

Hand Weapons
 a - a +2 dagger (weapon)
 w - a +0 blowgun {@w1}
Missiles
 e - 8 poisoned needles
 f - 2 curare-tipped needles
Armour
 c - a +0 robe (worn)
 d - a +0 cloak (worn)
Scrolls
 i - a scroll of fear {unknown}
 j - a scroll of recharging {unknown}
 m - 3 scrolls of identify {unknown}
 q - a scroll of enchant weapon {unknown}
Potions
 b - a potion of brilliance {unknown}
 h - a potion of might
 l - a potion of lignification {unknown}
 r - a potion of cure mutation {unknown}
Comestibles
 g - 4 bread rations {@e1}
 k - 3 meat rations {@e2}
 n - a slice of pizza
 p - a beef jerky


   Skills:
 - Level 2.0 Fighting
 + Level 5.5 Short Blades
 - Level 1.7 Throwing
 - Level 0.8 Dodging
 - Level 3.6 Stealth


You had 4 spell levels left.
You didn't know any spells.

Dungeon Overview and Level Annotations

Branches:
Dungeon (4/15)
 Temple: D:4-7

Altars:

Annotations:
D:3 anet's ghost, amateur HEWz
D:4 exclusion: Menkaure, Menkaure


Innate Abilities, Weirdness & Mutations

You have sharp toenails.
Your movements are less encumbered by armour. (ER -4)


Message History

You are more confused.
You bump into the rock wall.
Something hits you.
* * * LOW HITPOINT WARNING * * *
You take 1 damage, and have 6/38 hp.
You hit something. Your kick misses something.
You bump into the rock wall.
Something hits you but does no damage.
You bump into the rock wall.
An orc wizard appears from thin air!
Reactivating autopickup.
The orc wizard hits you with a dagger.
* * * LOW HITPOINT WARNING * * *
You take 3 damage, and have 4/38 hp.
You hit the orc wizard.
The orc wizard is almost dead.
The orc wizard hits you with a dagger.
* * * LOW HITPOINT WARNING * * *
You take 3 damage, and have 1/38 hp.
You barely miss the orc wizard. Your kick misses the orc wizard.
The orc wizard is almost dead.
The orc wizard hits you with a dagger.
You die...

██.█ ████.................. ...█
█.>.....†...........█ ██.█
█.██...█.....█.██.███ █.█
█.███.██.....█.█ .. ██.██ █.█
█.██.█████.█ █ █...███ █.█
█.██.█ █.███████ █.....█
█.███.██.█████.|......
█...█.███.......o......███████)█
██.██...........@█████.█ █.█
█.██████..██.████████.██ █.█
█.........██...........█ █.█
█████████.██..███████..█ █.█
█.██..█ █..█ █.█ █.██..█ █..████
█.█ █<██..███████..██.███.█
█.██..................█
█.███.███████.......████


You could see an orc wizard.

Vanquished Creatures
  A phantom (D:4)
  A worker ant (D:4)
  4 adders
  3 worms (D:2)
  A leopard gecko (D:2)
  An orc (D:4)
  11 bats
  15 giant cockroaches
  8 goblins
  8 hobgoblins
  3 jackals (D:1)
  A quokka (D:2)
  2 ball pythons (D:2)
  4 frilled lizards (D:1)
  5 kobolds
  10 rats
78 creatures vanquished.

Notes
Turn   | Place    | Note
-------+----------+-------------------------------------------
     0 | D:1      | Goblin1989 the Demonspawn Assassin began the quest for the Orb.
     0 | D:1      | Reached XP level 1. HP: 16/16 MP: 1/1
    46 | D:1      | Reached skill level 2 in Short Blades
   565 | D:1      | Gained mutation: Your movements are slightly less encumbered by armour. (ER -2) [demonic ancestry]
   565 | D:1      | Reached XP level 2. HP: 4/22 MP: 2/2
  1165 | D:1      | Reached skill level 3 in Short Blades
  1432 | D:1      | Reached XP level 3. HP: 27/27 MP: 3/3
  2352 | D:2      | Reached skill level 4 in Short Blades
  2352 | D:2      | Gained mutation: You have sharp toenails. [demonic ancestry]
  2352 | D:2      | Reached XP level 4. HP: 21/33 MP: 4/4
  3129 | D:3      | Noticed anet's ghost (amateur HEWz)
  3386 | D:4      | Noticed Menkaure
  3526 | D:4      | Noticed a phantom
  3575 | D:4      | Killed a phantom
  3575 | D:4      | Reached skill level 5 in Short Blades
  3575 | D:4      | Gained mutation: Your movements are less encumbered by armour. (ER -4) [demonic ancestry]
  3575 | D:4      | Reached XP level 5. HP: 15/38 MP: 5/5
  4169 | D:4      | HP: 1/38 [orc wizard/dagger (3)]
  4170 | D:4      | Slain by an orc wizard

Vault maps used:
D:1:      elethiomel_arrival_infinity_welcomes_careful_drivers
D:2:      minmay_roachtagon, first_bread, due_unseen_surprise
D:3:      uniq_jessica
D:4:      uniq_menkaure

Skill      XL: |  1  2  3  4 |
---------------+-------------+-----
Short Blades   | 2 3 4 5 |  5.5
Fighting       | |  2.0
Throwing       | |  1.7
Dodging        | |  0.8
Stealth        | |  3.6

Action                   |  1- 3 |  4- 6 || total
-------------------------+-------+-------++-------
Melee: Dagger            |   195 |   124 ||   319
       Kick              |       |    21 ||    21
  Use: Potion            |       |     2 ||     2
 Stab: Sleeping          |     9 |     4 ||    13
       Distracted        |     1 |       ||     1
  Eat: Chunk             |     5 |     3 ||     8
       Pizza             |       |     1 ||     1
Armor: Robe              |    51 |    23 ||    74
Dodge: Dodged            |   112 |    65 ||   177

Vault maps used:
D:1:      elethiomel_arrival_infinity_welcomes_careful_drivers
D:2:      minmay_roachtagon, first_bread, due_unseen_surprise
D:3:      uniq_jessica
D:4:      uniq_menkaure
